 Dungeon Crawl Stone Soup version 0.30-a0-728-gc68057be0a (webtiles) character file.

Game seed: 2274149686060405895

62 hikkokomori the Conjurer (level 4, 0/27 HPs)
             Began as a Tengu Reaver on Feb 1, 2023.
             Slain by Ijyb
             ... wielding a +0 club
              (5 damage)
             ... on level 3 of the Dungeon.
             The game lasted 00:04:13 (1430 turns).

hikkokomori the Conjurer (Tengu Reaver)             Turns: 1430, Time: 00:04:14

Health: 0/27       AC:  8    Str: 12    XL:     4   Next: 8%
Magic:  8/8        EV:  9    Int: 14    God:
Gold:   121        SH:  0    Dex: 14    Spells: 6/7 levels left

rFire   + . .      SeeInvis .    a - +0 falchion
rCold   . . .      Faith    .    (no shield)
rNeg    + . .      Spirit   .    l - +2 scale mail {rF+}
rPois   .          Reflect  .    (helmet restricted)
rElec   .          Harm     .    (no cloak)
rCorr   .          Rampage  .    (no gloves)
Will    .....                    (boots unavailable)
Stlth   +                        (no amulet)
HPRegen 0.24/turn                n - ring of positive energy
MPRegen 0.11/turn                (no ring)

@: flying
A: beak, talons 3
a: no special abilities


You were on level 3 of the Dungeon.
You visited 1 branch of the dungeon, and saw 3 of its levels.

You collected 121 gold pieces.

Inventory:

Hand Weapons
 a - a +0 falchion (weapon)
 f - a +0 sling
Missiles
 c - 2 throwing nets
Armour
 b - a +0 leather armour
 l - a +2 scale mail of fire resistance (worn)
Jewellery
 n - a ring of positive energy (left hand)
Scrolls
 d - a scroll of enchant armour {unknown}
 e - a scroll of magic mapping
 h - a scroll of vulnerability {unknown}
 j - a scroll of fear
 m - a scroll of brand weapon {unknown}
Potions
 g - a potion of ambrosia {unknown}
 k - a potion of flight
 o - a potion of berserk rage {unknown}


   Skills:
 + Level 2.9 Fighting
 + Level 4.0 Long Blades
 - Level 2.1 Dodging
 + Level 2.1 Stealth
 - Level 2.0 Spellcasting
 - Level 4.0 Conjurations


You had 6 spell levels left.
You knew the following spells:

 Your Spells              Type           Power      Damage    Failure   Level
a - Kiss of Death         Conj/Necr      28%        2d7       50%         1

Your spell library contained the following spells:

 Spells                   Type           Power      Damage    Failure   Level
 Momentum Strike          Conj/Tloc      14%        3d8       65%         2
 Summon Small Mammal      Summ           4%         N/A       78%         1
 Hailstorm                Conj/Ice       7%         3d4       86%         3
 Call Canine Familiar     Summ           1%         N/A       98%         3
 Summon Guardian Golem    Hex/Summ       1%         N/A       98%         3


Dungeon Overview and Level Annotations

Branches:
Dungeon (3/15)

Altars:
Nemelex Xobeh
Xom

Annotations:
D:3 2 transporters, Ijyb


Innate Abilities, Weirdness & Mutations

You have a beak for a mouth.
You have claws for feet.


Message History

You are too injured to fight recklessly!
You are too injured to fight recklessly!
You are too injured to fight recklessly!
You are too injured to fight recklessly!
You are too injured to fight recklessly!
You are too injured to fight recklessly!
You aren't carrying any items that you can evoke.
Casting: Kiss of Death (safe; 50% risk of failure)
Confirm with . or Enter, or press ? or * to list all spells.
You don't know that spell.
Casting: Kiss of Death (safe; 50% risk of failure)
Confirm with . or Enter, or press ? or * to list all spells.
Okay, then.
You aren't carrying any items that you can evoke.
Unknown command.
Casting: Kiss of Death (safe; 50% risk of failure)
Confirm with . or Enter, or press ? or * to list all spells.
Okay, then.
Sorry, you're not good enough to have a special ability.
Unknown command.
It was a potion of flight.
You feel very buoyant.
You fly up into the air.
Ijyb hits you with a +0 club.
* * * LOW HITPOINT WARNING * * *
The hobgoblin hits you.
* * * LOW HITPOINT WARNING * * *
Okay, then.
As you read the scroll labelled ZONAMEJ YGEHU, it crumbles to dust.
You hear a loud clanging noise!
It was a scroll of noise.
You hear a shout!
You hear an angry hiss.
You hear a shout! x3
You hear an angry hiss.
You hear a shout!
The hobgoblin barely misses you.
Ijyb zaps a wand.
The puff of flame hits you. You resist.
* * * LOW HITPOINT WARNING * * *
As you read the scroll labelled CUKIRH IPOU, it crumbles to dust.
It is a scroll of identify.
j - a scroll of fear Ijyb hits you with a +0 club.
You die...

,,,,,,,*,*****,*,* ###### *,,,,*
,,,,,,,,,,,,**,*,* #....# ******
,,,,,,**,#*,**,#,* #....#
,,,,,,,,,..,**,#.*##....#### #
,,,,,,,,,#..*#.#.##........######
,,,,,,,,,#...,...................
,,,***,,,#....####..PPPP.._..PPPP
**,,**,,,*#....g.................
*,*,,,,,,,*..#.g@.#.####........#
,*,*,********#.)..#.# #........#
*,**,,,,,,........#.# ###.##....
,***,****.........#.#* #.##.###
*,**,* *.#####......* #.##†#**
,*,*,* *,* #......* #.#....#
*,*,,****,****#......* #.#....#
**,,**,,,>,,,,.......* #.#....#
,,,,**,,,,,,,,,***,,,* #.#....#


You could see Ijyb and a hobgoblin.

Vanquished Creatures
  Natasha (D:3)
  An adder (D:2)
  A worm (D:2)
  2 dart slugs
  An endoplasm (D:3)
  A goblin (D:2)
  A hobgoblin (D:3)
  3 jackals (D:2)
  3 kobolds (D:2)
  A quokka (D:2)
  2 ball pythons
  4 bats
  3 frilled lizards
24 creatures vanquished.

Notes
Turn   | Place    | Note
-------+----------+-------------------------------------------
     0 | D:1      | hikkokomori the Tengu Reaver began the quest for the Orb.
     0 | D:1      | Reached XP level 1. HP: 12/12 MP: 4/4
   475 | D:2      | Reached XP level 2. HP: 8/17 MP: 6/6
   482 | D:2      | Reached skill level 1 in Stealth
   735 | D:2      | Reached XP level 3. HP: 22/22 MP: 7/7
   972 | D:2      | Found a shimmering altar of Xom.
  1311 | D:3      | Found a transporter.
  1330 | D:3      | Found a transporter.
  1358 | D:3      | Found a sparkling altar of Nemelex Xobeh.
  1363 | D:3      | Noticed Natasha
  1372 | D:3      | Killed Natasha
  1373 | D:3      | Reached XP level 4. HP: 19/27 MP: 8/8
  1421 | D:3      | Noticed Ijyb
  1430 | D:3      | Slain by Ijyb

Illustrated notes

Levels and vault maps discovered:
D:1:      minmay_arrival_solitary_statue, layout_rooms
D:2:      layout_loops_cross, basic_altar, chequers_avenue, chequers_garden
D:3:      gammafunk_steamed_eel, layout_basic, mainiacjoe_overflow_alcove_4,
          mainiacjoe_overflow_boulevard, hellmonk_ecumenical_altar_heavens_door,
          minmay_circle_x, uniq_ijyb, uniq_natasha, uniq_jessica

Skill      XL: |  1  2  3 |
---------------+----------+-----
Stealth        | 1 2 |  2.1
Long Blades    | 4 |  4.0
Fighting       | |  2.9
Dodging        | |  2.1
Spellcasting   | |  2.0
Conjurations   | |  4.0

Action                     |  1- 3 |  4- 6 || total
---------------------------+-------+-------++-------
  Melee: Falchion          |    69 |     5 ||    74
         Peck              |    11 |     1 ||    12
         Kick              |    11 |     1 ||    12
         Punch             |     2 |     1 ||     3
    Use: Scroll            |     2 |     2 ||     4
         Potion            |       |     1 ||     1
   Stab: Sleeping          |     1 |       ||     1
 Armour: Leather armour    |    17 |       ||    17
         Scale mail        |    13 |     2 ||    15
  Dodge: Dodged            |    32 |     2 ||    34

Table legend: (Time is in decaauts)
 A = Elapsed time spent in this place.
 B = Non-inter-level travel time spent in this place.
 C = Inter-level travel time spent in this place.
 D = Time resting spent in this place.
 E = Time spent auto-exploring this place.
 F = Levels seen in this place.
 G = Mean time per level.
                   A        B        C        D        E       F      G
               +--------+--------+--------+--------+--------+-----+--------+
         Total |   1440 |   1405 |     35 |     62 |   1075 |   3 |  480.0 |
       Dungeon |   1440 |   1405 |     35 |     62 |   1075 |   3 |  480.0 |
               +--------+--------+--------+--------+--------+-----+--------+

Top non-repeatable levels by time:
     D:2: 788 daAuts
     D:1: 440 daAuts
     D:3: 211 daAuts
